 Dungeon Crawl Stone Soup version 0.23-a0-650-ga4d50d4 (webtiles) character file.

125 dondy the Chopper (level 5, -2/45 HPs)
             Began as a Hill Orc Monk on Jan 6, 2019.
             Slain by a bullfrog (9 damage)
             ... on level 5 of the Dungeon.
             The game lasted 00:02:52 (1219 turns).

dondy the Chopper (Hill Orc Monk)                   Turns: 1219, Time: 00:02:53

Health: -2/45      AC:  2    Str: 15    XL:     5   Next: 9%
Magic:  5/5        EV: 13    Int: 10    God:
Gold:   19         SH:  0    Dex: 13    Spells: 4/4 levels left

rFire    . . .     SeeInvis .   a - +0 hand axe
rCold    . . .     Gourm    .   (no shield)
rNeg     . . .     Faith    .   b - +0 robe
rPois    .         Spirit   .   (no helmet)
rElec    .         Reflect  .   (no cloak)
rCorr    .         Harm     .   (no gloves)
MR       .....                  (no boots)
Stlth    ++........             (no amulet)
HPRegen  0.15/turn              (no ring)
MPRegen  0.09/turn              (no ring)

@: no status effects
A: no striking features
a: no special abilities


You were on level 5 of the Dungeon.
You were not hungry.

You visited 1 branch of the dungeon, and saw 6 of its levels.

You collected 19 gold pieces.

Inventory:

Hand Weapons
 a - a +0 hand axe (weapon)
 f - the +4 rapier "Baunuepn" {flame, rPois rF+ Dex+4, unknown}
   (You found it on level 5 of the Dungeon)

   It has been specially enchanted to burn those struck by it, causing extra
   injury to most foes and up to half again as much damage against particularly
   susceptible opponents.
   It affects your dexterity (+4).
   It protects you from fire.
   It protects you from poison.
Armour
 b - a +0 robe (worn)
Jewellery
 e - a +5 ring of intelligence {unknown}
Wands
 i - a wand of acid (8)
Scrolls
 g - a scroll of immolation {unknown}
 j - a scroll of fear {unknown}
Potions
 d - a potion of resistance {unknown}
 h - a potion of might {unknown}
Comestibles
 c - a ration
 k - a chunk of flesh


   Skills:
 - Level 3.6 Fighting
 + Level 7.4 Axes
 - Level 2.4 Dodging
 - Level 1.5 Stealth


You had 4 spell levels left.
You didn't know any spells.
Your spell library was empty.

Dungeon Overview and Level Annotations

Branches:
Dungeon (6/15)
 Temple: D:4-7

Altars:

Annotations:
D:2 Terence


Message History

The bullfrog barely misses you. The bullfrog hits you.
You hit the bullfrog.
The bullfrog is heavily wounded.
The bullfrog closely misses you.
You barely miss the bullfrog.
The bullfrog is heavily wounded.
The bullfrog hits you!
You hit the bullfrog.
The bullfrog is severely wounded.
The bullfrog hits you.
* * * LOW HITPOINT WARNING * * *
The bullfrog completely misses you.
You barely miss the bullfrog.
The bullfrog is severely wounded.
The bullfrog hits you!
* * * LOW HITPOINT WARNING * * *
You barely miss the bullfrog.
The bullfrog is severely wounded.
The bullfrog hits you!
You die...

##. #....
........... ....
.... ..#.####....
...####.. . #. ##.#%
#......### # $..
#........# ##
#........## #
#....)....###.#
#........>....#.
#......F@........
#........####.#..
...##........#### .#
.................#
..
....####...#####....
.
....#.....##......#.
## #.....<....... #
#.....)........
#..............


You could see a bullfrog.

Vanquished Creatures
  An ogre (D:5)
  A worker ant (D:4)
  An orc (D:4)
  2 goblins
  2 hobgoblins
  A kobold (D:1)
  A bat (D:2)
  2 frilled lizards (D:2)
  4 rats
15 creatures vanquished.

Notes
Turn   | Place    | Note
-------+----------+-------------------------------------------
     0 | D:1      | dondy the Hill Orc Monk began the quest for the Orb.
     0 | D:1      | Reached XP level 1. HP: 19/19 MP: 1/1
   328 | D:2      | Noticed Terence
   392 | D:2      | Reached XP level 2. HP: 18/26 MP: 2/2
   618 | D:5      | Entered Level 5 of the Dungeon
   620 | D:5      | Noticed a bullfrog
   628 | D:4      | HP: 1/26 [orc/+0 dagger (4)]
   631 | D:4      | Reached skill level 5 in Axes
   949 | D:5      | Got a brightly glowing rapier
   954 | D:6      | Noticed a centaur
   969 | D:5      | Noticed an ogre
   988 | D:4      | Reached XP level 3. HP: 17/31 MP: 3/3
  1183 | D:5      | Killed an ogre
  1183 | D:5      | Reached skill level 7 in Axes
  1183 | D:5      | Reached XP level 4. HP: 27/39 MP: 4/4
  1183 | D:5      | Reached XP level 5. HP: 31/45 MP: 5/5
  1219 | D:5      | Slain by a bullfrog

Vault maps used:
D:1:      evilmike_arrival_plus, minmay_vboxes
D:2:      minmay_lizard_pond, uniq_terence
D:3:      lemuel_crystal_altar, first_ration
D:5:      basic_altar
D:6:      nicolae_ossuary_entry_ruins

Skill      XL: |  1  2  3 |
---------------+----------+-----
Axes           | 5 7 |  7.4
Fighting       | |  3.6
Dodging        | |  2.4
Stealth        | |  1.5

Action                   |  1- 3 |  4- 6 || total
-------------------------+-------+-------++-------
Melee: Hand axe          |    59 |     9 ||    68
 Stab: Sleeping          |     3 |       ||     3
  Eat: Chunk             |     1 |       ||     1
Armor: Robe              |     7 |       ||     7
Dodge: Dodged            |    37 |     6 ||    43

Table legend:
 A = Non-vault XP
 B = Vault XP
 C = Vault XP percentage of total XP
 D = Non-vault monster count
 E = Vault monster count
 F = Vault count percentage of total count
                 A         B        C        D         E       F
            +---------+---------+-------+---------+---------+-------
      Total |     177 |       2 |   1.1 |      13 |       2 |  13.3
            +---------+---------+-------+---------+---------+-------
        D:1 |       8 |       0 |   0.0 |       5 |       0 |   0.0
        D:2 |       6 |       2 |  25.0 |       4 |       2 |  33.3
        D:3 |       1 |       0 |   0.0 |       1 |       0 |   0.0
        D:4 |      37 |       0 |   0.0 |       2 |       0 |   0.0
        D:5 |     125 |       0 |   0.0 |       1 |       0 |   0.0
            +---------+---------+-------+---------+---------+-------
